 Dungeon Crawl Stone Soup version 0.21-a0-634-gaf8bc5d (webtiles) character file.

46 KristoblXynda the Charmwright (level 3, -3/18 HPs)
             Began as a Spriggan Skald on Dec 29, 2017.
             Killed from afar by Natasha (4 damage)
             ... with a magic dart
             ... on level 3 of the Dungeon.
             The game lasted 00:02:59 (2486 turns).

KristoblXynda the Charmwright (Spriggan Skald)      Turns: 2486, Time: 00:03:00

Health: -3/18      AC:  2    Str:  8    XL:     3   Next: 44%
Magic:  5/8        EV: 19    Int: 14    God:
Gold:   87         SH:  0    Dex: 15    Spells: 1/8 levels left

rFire    . . .     SeeInvis +   j - +0 dagger
rCold    + . .     Gourm    .   (shield restricted)
rNeg     . . .     Faith    .   b - +0 robe
rPois    .         Spirit   .   (helmet restricted)
rElec    .         Reflect  .   (no cloak)
rCorr    .         Harm     .   (gloves unavailable)
MR       .....                  (boots unavailable)
Stlth    ++........             (no amulet)
HPRegen  0.06/turn              e - ring of protection from cold
MPRegen  0.11/turn              (no ring)

@: infused, very quick
A: very small, unfitting armour, see invisible, herbivore, speed 3, slow
metabolism 2
a: no special abilities


You were on level 3 of the Dungeon.
You were not hungry.

You visited 1 branch of the dungeon, and saw 3 of its levels.

You collected 87 gold pieces.

Inventory:

Hand Weapons
 j - a +0 dagger (weapon)
Armour
 b - a +0 robe (worn)
Jewellery
 e - a ring of protection from cold (left hand)
Scrolls
 a - a scroll of enchant armour {unknown}
 f - a scroll of fog {unknown}
 i - 2 scrolls of identify {unknown}
 o - a scroll of enchant weapon {unknown}
 p - 3 scrolls of random uselessness {unknown}
Potions
 g - a potion of resistance {unknown}
 h - 2 potions of berserk rage {unknown}
 k - a potion of agility {unknown}
 l - a potion of lignification {unknown}
 m - a potion of haste {unknown}
 n - a potion of mutation {unknown}
 q - 2 potions of brilliance {unknown}
 r - a potion of cancellation {unknown}
Books
 c - a book of Battle

   Spells                             Type                      Level
   a - Infusion                       Charms                       1
   b - Shroud of Golubria             Charms/Translocation         2
   c - Song of Slaying                Charms                       2
   d - Spectral Weapon                Hexes/Charms                 3
   e - Regeneration                   Charms/Necromancy            3
Comestibles
 d - 3 rations


   Skills:
 - Level 1.5 Fighting
 + Level 2.9 Short Blades
 - Level 4.1 Dodging
 + Level 0.8 Stealth
 + Level 3.2 Spellcasting
 + Level 5.0 Charms


You had one spell level left.
You knew the following spells:

 Your Spells              Type           Power        Failure   Level  Hunger
a - Infusion              Chrm           ###.         2%          1    #......
b - Regeneration          Chrm/Necr      #.........   22%         3    ###....
c - Spectral Weapon       Hex/Chrm       #.......     22%         3    ###....


Dungeon Overview and Level Annotations

Branches:
Dungeon (3/15)

Altars:
Elyvilon
Qazlal
The Shining One

Annotations:
D:3 Natasha


Innate Abilities, Weirdness & Mutations

You are very small and have problems with some larger weapons.
You are too small for most types of armour.
You have supernaturally acute eyesight. (SInv)
You are a herbivore.
You cover ground extremely quickly.
You need consume almost no food.


Message History

Natasha is nearby!
Natasha is nearby!
Natasha hisses angrily.
You start resting.
Your magical infusion is running out.
Natasha casts a spell.
Casting: Infusion
Confirm with . or Enter, or press ? or * to list all spells.
You extend your infusion's duration.
Natasha claws you!
You miss Natasha. You closely miss Natasha. Natasha barely misses you.
You closely miss Natasha. Natasha claws you!
Ouch! That really hurt!
* * * LOW HITPOINT WARNING * * *
You hit Natasha.
Natasha is lightly wounded.
Natasha casts a spell at you. The magic dart hits you!
You die...

#.# #.# #.# #
####.####.####
###............#
+........##....
#........## .
.........h.#
#.####..@#.# #
#####h.# ...#
##5.# #⌠#.##
.###.# #......
##.....


You could see Natasha.

Vanquished Creatures
  An adder (D:2)
  2 oozes (D:1)
  A leopard gecko (D:1)
  A ball python (D:2)
  3 goblins
  5 hobgoblins
  7 kobolds
  A quokka (D:2)
  A bat (D:3)
  A frilled lizard (D:2)
  4 rats
27 creatures vanquished.

Vanquished Creatures (others)
  4 toadstools (D:1)
4 creatures vanquished.

Grand Total: 31 creatures vanquished

Notes
Turn   | Place    | Note
-------+----------+-------------------------------------------
     0 | D:1      | KristoblXynda the Spriggan Skald began the quest for the Orb.
     0 | D:1      | Reached XP level 1. HP: 10/10 MP: 5/5
    89 | D:1      | Reached XP level 2. HP: 2/14 MP: 0/6
  1539 | D:2      | Found a stormy altar of Qazlal.
  1652 | D:2      | Reached XP level 3. HP: 18/18 MP: 8/8
  1657 | D:2      | Learned a level 3 spell: Regeneration
  1661 | D:2      | Learned a level 3 spell: Spectral Weapon
  1912 | D:2      | Reached skill level 5 in Charms
  2396 | D:2      | Found a glowing golden altar of the Shining One.
  2396 | D:2      | Found a white marble altar of Elyvilon.
  2473 | D:3      | Noticed Natasha
  2486 | D:3      | Killed from afar by Natasha

Vault maps used:
D:1:      ldierk_water_garden
D:2:      lemuel_round_altar, gammafunk_temple_overflow_elements
D:3:      minmay_overflow_temple_star_quad, feat_on_display, uniq_grinder,
          uniq_natasha, uniq_terence

Skill      XL: |  1  2  3 |
---------------+----------+-----
Spellcasting   | 3 |  3.2
Dodging        | 4 |  4.1
Charms         | 5 |  5.0
Fighting       | |  1.5
Short Blades   | |  2.9
Stealth        | |  0.8

Action                   || total
-------------------------++-------
Melee: Short sword       ||    34
       Dagger            ||    61
 Cast: Infusion          ||    13
 Stab: Sleeping          ||     4
Armor: Robe              ||     4
Dodge: Dodged            ||    61

Table legend:
 A = Spawn XP
 B = Non-spawn XP
 C = Spawn XP percentage of total XP
 D = Spawn monster count
 E = Non-spawn monster count
 F = Spawn count percentage of total count
 G = Total turns spent on level
                    A         B        C        D         E        F      G
               +---------+---------+-------+---------+---------+-------+---------
         Total |       0 |      66 |   0.0 |       0 |      27 |   0.0 |  2486
               +---------+---------+-------+---------+---------+-------+---------
           D:1 |       0 |      35 |   0.0 |       0 |      14 |   0.0 |  1516
           D:2 |       0 |      29 |   0.0 |       0 |      11 |   0.0 |   919
           D:3 |       0 |       2 |   0.0 |       0 |       2 |   0.0 |    51
               +---------+---------+-------+---------+---------+-------+---------
